Map: Divergencia EE

Players

theshadow

  • Race: Protoss Protoss
  • League: Silver
  • Spawn Location: 5:00

Shephard

  • Race: Zerg Zerg
  • League: Gold
  • Spawn Location: 5:00

TATORREA - Winner!

  • Race: Protoss Protoss
  • League: Gold
  • Spawn Location: 11:00

MrFercho - Winner!

  • Race: Zerg Zerg
  • League: Gold
  • Spawn Location: 11:00

VOD

Have the link to the VOD?

Description

Time

  • Played on: Aug. 14, 2020, 9:06 p.m.
  • Length: 15:55
Show
View Real Time Build Order
Export as new Build Order

theshadow Protoss 

Build Orders:  

Get SALT Encoding   

  12  0:02  Probe  
  13  0:15  Pylon  
  13  0:18  Probe  
  14  0:35  Gateway  
  14  0:37  Probe  
  15  0:44  Assimilator  
  15  0:54  Probe (Chrono Boost)  
  16  1:03  Pylon  
  17  1:05  Probe (Chrono Boost)  
  17  1:10  Probe (Chrono Boost)  
  18  1:18  Forge  
  18  1:25  Probe  
  19  1:30  Cybernetics Core  
  19  1:37  Probe  
  20  1:47  Pylon  
  20  1:52  Probe  
  21  1:56  Assimilator  
  21  2:12  Warp Gate (Chrono Boost)  
  21  2:15  Gateway  
  21  2:28  Probe (Chrono Boost)  
  22  2:33  Pylon  
  22  2:38  Probe (Chrono Boost)  
  22  2:43  Probe (Chrono Boost)  
  23  2:49  Stalker, Pylon  
  26  3:09  Pylon  
  26  3:19  Twilight Council  
  26  3:27  Protoss Ground Weapons Level 1  
  26  3:32  Photon Cannon  
  26  3:33  Photon Cannon  
  26  3:36  Photon Cannon  
  26  3:37  Shield Battery  
  26  3:52  Gateway  
  26  3:58  Stargate  
  26  4:04  Stalker  
  28  4:11  Robotics Facility  
  28  5:04  Stalker x3  
  34  5:10  Warp Prism  
  27  5:29  Probe  
  28  5:42  Probe  
  29  5:48  Blink  
  29  5:52  Oracle  
  29  5:54  Probe  
  33  6:00  Pylon  
  33  6:06  Probe  
  34  6:18  Probe  
  35  6:30  Probe  
  34  6:57  Void Ray  
  38  7:14  Probe  
  37  8:06  Warp Prism  
  37  8:10  Void Ray, Nexus  
  43  8:19  Pylon  
  43  8:38  Protoss Ground Weapons Level 2  
  43  8:44  Probe  
  44  8:56  Probe  
  45  9:25  Assimilator  
  45  9:30  Stalker  
  47  9:31  Stalker  
  47  9:32  Stalker  
  41  10:13  Stalker  
  41  10:14  Stalker x2  
  41  10:35  Pylon  
  39  10:39  Stalker  
  39  10:40  Stalker x2  
  43  10:54  Probe  
  43  10:55  Probe  
  45  11:06  Probe  
  45  11:07  Probe  
  47  11:19  Probe  
  45  11:45  Nexus  
  45  11:51  Assimilator  
  45  11:57  Warp Prism  
  47  12:17  Gateway  
  47  12:18  Gateway, Probe x2  
  47  12:19  Gateway  
  49  12:40  Stalker x3  
  42  13:07  Zealot x2  
  42  13:08  Zealot  
  39  13:29  Probe (Chrono Boost)  
  37  13:38  Probe (Chrono Boost)  
  34  13:43  Probe (Chrono Boost)  
  33  13:50  Gateway  
  33  13:52  Gateway  
  33  13:53  Gateway  
  33  13:55  Gateway  
  27  13:56  Pylon  
  21  14:13  Pylon  
  21  14:18  Pylon x2  
  21  14:20  Pylon, Probe  
  22  14:32  Probe  
Show
View Real Time Build Order
Export as new Build Order

Shephard Zerg 

Build Orders: Hatch First 

Get SALT Encoding   

  12  0:08  Overlord  
  12  0:14  Drone  
  13  0:17  Drone  
  14  0:43  Hatchery  
  14  0:47  Drone  
  14  1:05  Spawning Pool  
  14  1:08  Drone  
  14  1:12  Drone  
  15  1:24  Drone  
  15  1:25  Drone  
  17  1:32  Overlord  
  17  1:41  Extractor  
  17  1:45  Drone  
  17  1:54  Queen  
  17  1:57  Queen  
  17  1:59  Drone  
  22  2:08  Drone x2  
  24  2:10  Drone  
  25  2:18  Drone  
  25  2:19  Drone  
  27  2:38  Drone x3  
  30  2:45  Overlord  
  30  2:51  Drone x2  
  32  2:54  Extractor  
  31  2:58  Roach Warren  
  31  3:00  Drone  
  31  3:10  Evolution Chamber  
  30  3:13  Evolution Chamber  
  29  3:25  Zergling x2  
  29  3:26  Zergling x12  
  36  3:27  Metabolic Boost  
  36  3:33  Overlord  
  36  3:34  Overlord  
  36  3:45  Lair  
  36  3:46  Overlord  
  36  4:02  Zergling x12  
  42  4:15  Zergling x2  
  42  4:16  Zergling x2  
  38  4:26  Zerg Melee Weapons Level 1  
  38  4:27  Zerg Missile Weapons Level 1  
  38  4:29  Zergling x2  
  38  4:30  Zergling x4  
  40  4:37  Zergling x2  
  41  4:39  Overlord  
  41  4:49  Zergling x2  
  35  5:05  Zergling x2  
  35  5:06  Zergling x12  
  34  5:14  Zergling x2  
  34  5:15  Zergling x2  
  30  5:33  Drone  
  30  5:34  Drone x5  
  34  5:50  Zergling x6  
  37  5:59  Drone x2  
  37  6:01  Drone  
  37  6:02  Drone x2  
  44  6:22  Roach x2  
  38  6:40  Roach x2  
  38  6:41  Roach x2  
  41  7:03  Drone x2  
  41  7:04  Drone x3  
  45  7:20  Hatchery  
  45  7:22  Zergling x2  
  36  7:46  Roach  
  36  7:47  Roach x3  
  36  7:51  Zerg Melee Weapons Level 2  
  44  7:54  Zerg Ground Armor Level 1  
  44  8:09  Drone  
  44  8:10  Drone  
  46  8:21  Zergling x8  
  50  8:33  Drone x2  
  41  8:52  Zergling x2  
  41  8:53  Zergling x4  
  33  9:04  Drone  
  33  9:05  Drone  
  34  9:15  Zergling x2  
  34  9:16  Zergling x4  
  30  9:37  Hatchery, Roach  
  30  9:38  Roach x3  
  32  9:47  Zerg Missile Weapons Level 2  
  32  9:51  Spine Crawler x2  
  24  10:07  Roach  
  24  10:08  Roach x3  
  26  10:28  Roach  
  26  10:29  Roach  
  30  10:36  Zergling x4  
  32  11:02  Queen  
  34  11:04  Queen  
  36  11:30  Hatchery  
  35  11:40  Drone  
  35  11:41  Drone x5  
  41  11:59  Glial Reconstitution  
  41  12:01  Infestation Pit  
  40  12:18  Zerg Ground Armor Level 2  
  40  12:39  Zergling x2  
  40  12:40  Zergling x6  
  44  12:45  Zergling x2  
  44  12:46  Zergling x2  
  46  12:57  Zergling x6  
  40  13:09  Zergling x8  
  39  13:15  Zergling x2  
  39  13:16  Zergling x2  
  34  13:28  Zergling x2  
  34  13:29  Zergling x6  
  38  13:36  Overlord  
  29  13:56  Drone x4  
  28  14:17  Drone  
  28  14:18  Drone x5  
Show
View Real Time Build Order
Export as new Build Order

TATORREA Protoss - Winner!

Build Orders: Mass Adepts 

Get SALT Encoding   

  12  0:04  Probe  
  13  0:16  Probe  
  14  0:33  Pylon  
  14  0:42  Probe  
  15  0:54  Probe  
  16  1:06  Probe (Chrono Boost)  
  17  1:12  Gateway  
  17  1:14  Gateway  
  17  1:18  Probe (Chrono Boost)  
  17  1:26  Probe (Chrono Boost)  
  17  1:32  Assimilator  
  18  1:33  Assimilator  
  18  1:34  Pylon, Probe  
  18  1:35  Pylon  
  19  1:46  Probe (Chrono Boost)  
  20  1:58  Probe (Chrono Boost)  
  21  2:03  Probe (Chrono Boost)  
  21  2:04  Cybernetics Core  
  22  2:12  Pylon  
  22  2:13  Probe  
  23  2:29  Gateway  
  23  2:31  Gateway  
  23  2:46  Twilight Council  
  23  2:47  Stalker  
  23  2:50  Adept  
  27  2:52  Warp Gate  
  27  3:23  Adept  
  27  3:28  Adept  
  27  3:29  Resonating Glaives (Chrono Boost), Adept  
  27  3:31  Adept  
  35  3:51  Adept  
  37  3:58  Adept  
  37  3:59  Adept  
  37  4:01  Adept  
  43  4:49  Adept x2  
  23  5:58  Nexus  
  23  5:59  Pylon  
  23  6:00  Adept  
  23  6:01  Adept x3  
  23  6:02  Pylon  
  31  6:06  Charge  
  31  6:13  Gateway  
  31  6:15  Gateway  
  31  6:21  Pylon  
  31  6:23  Stalker x3  
  31  6:25  Pylon  
  37  6:29  Pylon  
  37  6:39  Stalker  
  39  6:56  Stalker x2  
  43  7:07  Stalker  
  45  7:08  Stalker  
  47  7:18  Probe x2  
  47  7:30  Probe x2  
  49  7:48  Probe x2  
  51  7:55  Stalker  
  53  8:00  Probe x2  
  55  8:12  Probe x2  
  57  8:19  Forge  
  57  8:21  Forge  
  57  8:25  Stargate  
  57  8:28  Probe x2  
  59  8:34  Assimilator  
  59  8:38  Assimilator  
  59  8:40  Probe x2  
  61  9:07  Probe  
  61  9:08  Probe, Nexus  
  63  9:10  Pylon  
  63  9:12  Pylon  
  63  9:16  Stalker x2  
  67  9:27  Stalker x3  
  73  9:32  Stalker  
  73  9:50  Stalker x4  
  73  9:51  Stalker  
  83  10:13  Probe x2  
  77  10:26  Nexus  
  69  10:28  Pylon  
  69  10:31  Pylon  
  65  10:37  Probe x2  
  63  10:45  Protoss Ground Weapons Level 1 (Chrono Boost)  
  63  10:46  Protoss Shields Level 1 (Chrono Boost)  
  63  10:49  Probe x2  
  63  10:55  Void Ray  
  67  11:01  Probe x2  
  69  11:12  Robotics Facility  
  69  11:13  Robotics Facility, Probe  
  69  11:14  Probe  
  69  11:26  Probe  
  69  11:30  Probe  
  71  11:38  Void Ray, Probe  
  74  11:40  Probe  
  74  11:42  Probe  
  74  11:44  Blink (Chrono Boost)  
  76  11:50  Probe  
  76  11:52  Probe  
  78  12:02  Probe x2  
  78  12:05  Assimilator  
  80  12:08  Assimilator  
  80  12:10  Pylon  
  80  12:11  Gateway  
  80  12:12  Gateway  
  80  12:13  Gateway, Probe  
  80  12:14  Probe x2  
  83  12:25  Probe  
  84  12:32  Robotics Bay  
  84  12:34  Protoss Shields Level 2 (Chrono Boost), Protoss Ground Weapons Level 2 (Chrono Boost)  
  84  12:35  Templar Archives  
  84  12:39  Void Ray  
  88  12:48  Probe x2  
  88  12:49  Probe  
  91  13:00  Probe  
  91  13:01  Probe x2  
  74  13:32  Stalker x4  
  74  13:33  Stalker x5  
  77  13:46  Probe x3  
  80  13:50  Colossus  
  86  13:58  Probe x3  
  87  14:10  Probe x3  
  90  14:22  Probe (Chrono Boost)  
  90  14:23  Probe (Chrono Boost)  
  90  14:24  Probe (Chrono Boost)  
  93  14:32  Probe (Chrono Boost)  
Show
View Real Time Build Order
Export as new Build Order

MrFercho Zerg - Winner!

Build Orders: Hatch First, Lurkers 

Get SALT Encoding   

  12  0:02  Drone  
  13  0:13  Overlord  
  13  0:16  Drone  
  14  0:34  Drone x2  
  16  0:58  Drone  
  16  0:59  Drone  
  16  1:02  Hatchery, Drone  
  18  1:13  Extractor  
  18  1:18  Spawning Pool  
  16  1:19  Drone  
  17  1:25  Drone  
  17  1:30  Drone  
  19  1:48  Drone  
  20  2:00  Overlord  
  20  2:23  Metabolic Boost  
  20  2:32  Queen x2  
  24  2:37  Zergling x4  
  24  2:39  Zergling x4  
  24  2:42  Drone x2  
  30  2:50  Drone  
  31  2:51  Drone  
  33  3:05  Drone x2  
  34  3:18  Drone x2  
  36  3:21  Overlord  
  36  3:37  Overlord  
  36  3:39  Drone  
  37  3:42  Extractor  
  37  3:45  Extractor  
  37  3:46  Queen  
  37  3:53  Lair  
  37  4:07  Drone x6  
  41  4:19  Zergling x8  
  45  4:29  Queen  
  47  4:33  Zergling x2  
  47  4:34  Zergling x6  
  51  4:45  Overlord x2  
  51  4:46  Baneling Nest  
  51  4:47  Zergling x4  
  46  5:31  Zergling x20  
  55  5:56  Baneling  
  55  5:57  Baneling x11  
  55  5:59  Zergling x8  
  59  6:13  Roach Warren  
  58  6:26  Spore Crawler  
  58  6:29  Spore Crawler  
  36  6:57  Zergling x18  
  36  6:58  Zergling x10  
  39  7:33  Zergling x2  
  39  7:34  Zergling x16  
  39  7:36  Drone x3  
  51  7:43  Drone x2  
  53  7:55  Baneling x9  
  53  7:57  Zergling x4  
  55  8:07  Hydralisk Den  
  55  8:10  Extractor  
  53  8:18  Drone  
  53  8:19  Drone x5  
  39  9:05  Zergling x28  
  51  9:21  Muscular Augments  
  51  9:24  Zergling x2  
  38  10:17  Glial Reconstitution  
  38  10:23  Evolution Chamber  
  38  10:25  Drone x3, Evolution Chamber  
  38  10:26  Drone x3  
  42  10:30  Queen  
  42  10:31  Hydralisk x4  
  42  10:32  Grooved Spines  
  42  10:33  Overlord x2  
  42  10:34  Overlord x3  
  52  11:05  Hydralisk x11  
  52  11:06  Hydralisk  
  52  11:09  Hatchery  
  75  11:14  Lurker Den  
  74  11:22  Hatchery  
  74  11:25  Zerg Missile Weapons Level 1  
  73  11:26  Zerg Ground Armor Level 1  
  73  11:29  Roach  
  73  11:30  Roach  
  77  11:59  Roach  
  77  12:00  Roach x6  
  91  12:08  Drone  
  92  12:10  Overlord x3, Infestation Pit  
  92  12:11  Overlord  
  91  12:36  Zergling x16  
  96  12:57  Hydralisk x8  
  70  13:13  Hydralisk  
  70  13:14  Hydralisk x2  
  70  13:16  Queen  
  70  13:28  Hive  
  70  13:30  Hydralisk x5  
  74  14:17  Lurker x5  
  76  14:20  Zergling x24  
  76  14:21  Zergling x10  
  96  14:30  Drone x3  
Tags
 
Add a new tag
Caveats
  • Supply blocks, unpowered buildings, or Contaminate may cause inaccurate times.
  • Supply counts are checked every 10 seconds.